Map: Ulrena

Players

ILLBdA - Winner!

  • Race: Protoss Protoss
  • League: Diamond

드강

  • Race: Protoss Protoss
  • League: Platinum

VOD

Have the link to the VOD?

Description

Time

  • Played on: Dec. 17, 2015, 10:55 a.m.
  • Length: 3:19
Show
View Real Time Build Order
Export as new Build Order

ILLBdA Protoss - Winner!

Build Orders: Cannon Rush 

Get SALT Encoding   

  12  0:01  Probe (Chrono Boost)  
  13  0:12  Probe (Chrono Boost)  
  14  0:18  Pylon  
  14  0:22  Probe (Chrono Boost)  
  15  0:37  Probe (Chrono Boost)  
  15  0:38  Forge  
  16  0:47  Probe (Chrono Boost)  
  17  1:08  Probe (Chrono Boost)  
  18  1:15  Pylon  
  17  1:19  Probe (Chrono Boost)  
  18  1:29  Pylon  
  18  1:33  Photon Cannon  
  18  1:34  Pylon x2  
  18  1:39  Photon Cannon  
  17  1:50  Photon Cannon  
  17  1:57  Photon Cannon  
  17  2:04  Photon Cannon  
  17  2:10  Photon Cannon  
  18  2:20  Photon Cannon  
  17  2:33  Photon Cannon  
  18  2:39  Pylon  
  17  2:52  Gateway, Probe (Chrono Boost)  
Show
View Real Time Build Order
Export as new Build Order

드강 Protoss 

Build Orders:  

Get SALT Encoding   

  12  0:01  Probe (Chrono Boost)  
  13  0:13  Pylon  
  13  0:17  Probe (Chrono Boost)  
  14  0:28  Probe (Chrono Boost)  
  15  0:35  Gateway  
  15  0:39  Probe (Chrono Boost)  
  16  0:46  Assimilator  
  16  0:55  Assimilator  
  16  1:02  Assimilator  
  16  1:07  Probe (Chrono Boost)  
  17  1:24  Cybernetics Core  
  17  1:34  Zealot (Chrono Boost)  
  21  2:01  Stalker (Chrono Boost)  
Tags
 
Matchup
PvP
Replay Pack
me
Add a new tag
Caveats
  • Supply blocks, unpowered buildings, or Contaminate may cause inaccurate times.
  • Supply counts are checked every 10 seconds.